Workbook

Sheet balance sheet_ΙΒΜ
A1: Period Ending | B1: Dec 31, 2014 | C1: Dec 31, 2013 | D1: Dec 31, 2012
A2: Assets
A3: Current Assets
A4: Cash And Cash Equivalents | B4: 8476000 | C4: 10716000 | D4: 10412000
A5: Short Term Investments | B5: - | C5: 350000 | D5: 717000
A6: Net Receivables | B6: 33875000 | C6: 33487000 | D6: 31993000
A7: Inventory | B7: 2103000 | C7: 2310000 | D7: 2287000
A8: Other Current Assets | B8: 4967000 | C8: 4488000 | D8: 4024000
A9: Total Current Assets | B9: =SUM(B4:B8) -> 49421000 | C9: =SUM(C4:C8) -> 51351000 | D9: =SUM(D4:D8) -> 49433000
A10: Long Term Investments | B10: 16712000 | C10: 17394000 | D10: 17833000
A11: Property Plant and Equipment | B11: 10771000 | C11: 13821000 | D11: 13996000
A12: Goodwill | B12: 30556000 | C12: 31184000 | D12: 29247000
A13: Intangible Assets | B13: 3104000 | C13: 3871000 | D13: 3787000
A14: Accumulated Amortization | B14: - | C14: - | D14: -
A15: Other Assets | B15: 2160000 | C15: 5551000 | D15: 945000
A16: Deferred Long Term Asset Charges | B16: 4808000 | C16: 3051000 | D16: 3973000
A17: Total Assets | B17: =B9+SUM(B10:B16) -> 117532000 | C17: =C9+SUM(C10:C16) -> 126223000 | D17: =D9+SUM(D10:D16) -> 119214000
A18: Liabilities
A19: Current Liabilities
A20: Accounts Payable | B20: 21992000 | C20: 20735000 | D20: 22492000
A21: Short/Current Long Term Debt | B21: 5731000 | C21: 6862000 | D21: 9181000
A22: Other Current Liabilities | B22: 11877000 | C22: 12557000 | D22: 11952000
A23: Total Current Liabilities | B23: =SUM(B20:B22) -> 39600000 | C23: =SUM(C20:C22) -> 40154000 | D23: =SUM(D20:D22) -> 43625000
A24: Long Term Debt | B24: 35073000 | C24: 32856000 | D24: 24088000
A25: Other Liabilities | B25: 27153000 | C25: 26176000 | D25: 28025000
A26: Deferred Long Term Liability Charges | B26: 3691000 | C26: 4108000 | D26: 4491000
A27: Minority Interest | B27: 146000 | C27: 137000 | D27: 124000
A28: Negative Goodwill | B28: - | C28: - | D28: -
A29: Total Liabilities | B29: =B23+SUM(B24:B28) -> 105663000 | C29: =C23+SUM(C24:C28) -> 103431000 | D29: =D23+SUM(D24:D28) -> 100353000
A30: Stockholders' Equity
A31: Misc Stocks Options Warrants | B31: - | C31: - | D31: -
A32: Redeemable Preferred Stock | B32: - | C32: - | D32: -
A33: Preferred Stock | B33: - | C33: - | D33: -
A34: Common Stock | B34: 52666000 | C34: 51594000 | D34: 50110000
A35: Retained Earnings | B35: 137793000 | C35: 130042000 | D35: 117641000
A36: Treasury Stock | B36: -150715000 | C36: -137242000 | D36: -123131000
A37: Capital Surplus | B37: - | C37: - | D37: -
A38: Other Stockholder Equity | B38: -27875000 | C38: -21602000 | D38: -25759000
A39: Total Stockholder Equity | B39: =SUM(B31:B38) -> 11869000 | C39: =SUM(C31:C38) -> 22792000 | D39: =SUM(D31:D38) -> 18861000
A40: Total liabilities and stockholder equity | B40: =B29+B39 -> 117532000 | C40: =C29+C39 -> 126223000 | D40: =D29+D39 -> 119214000

Sheet income statement_ΙΒΜ
A1: Period Ending | B1: Dec 31, 2014 | C1: Dec 31, 2013 | D1: Dec 31, 2012
A2: Total Revenue | B2: 92793000 | C2: 98367000 | D2: 102874000
A3: Cost of Revenue | B3: 46386000 | C3: 49683000 | D3: 52513000
A4: Gross Profit | B4: =B2-B3 -> 46407000 | C4: =C2-C3 -> 48684000 | D4: =D2-D3 -> 50361000
A5: Operating Expenses
A6: Research Development | B6: 5437000 | C6: 5743000 | D6: 5816000
A7: Selling General and Administrative | B7: 22438000 | C7: 22629000 | D7: 22389000
A8: Non Recurring | B8: - | C8: - | D8: -
A9: Others | B9: - | C9: - | D9: -
A10: Operating Income or Loss | B10: =B4-B6-B7 -> 18532000 | C10: =C4-C6-C7 -> 20312000 | D10: =D4-D6-D7 -> 22156000
A11: Income from Continuing Operations
A12: Total Other Income/Expenses Net | B12: 1938000 | C12: 333000 | D12: 843000
A13: Earnings Before Interest And Taxes | B13: =B10+B12 -> 20470000 | C13: =C10+C12 -> 20645000 | D13: =D10+D12 -> 22999000
A14: Interest Expense | B14: 484000 | C14: 402000 | D14: 459000
A15: Income Before Tax | B15: =B13-B14 -> 19986000 | C15: =C13-C14 -> 20243000 | D15: =D13-D14 -> 22540000
A16: Income Tax Expense | B16: 4234000 | C16: 3363000 | D16: 5541000
A17: Minority Interest | B17: - | C17: - | D17: -
A18: Net Income From Continuing Ops | B18: =B15-B16 -> 15752000 | C18: =C15-C16 -> 16880000 | D18: =D15-D16 -> 16999000
A19: Non-recurring Events
A20: Discontinued Operations | B20: -3729000 | C20: -398000 | D20: -395000
A21: Extraordinary Items | B21: - | C21: - | D21: -
A22: Effect Of Accounting Changes | B22: - | C22: - | D22: -
A23: Other Items | B23: - | C23: - | D23: -
A24: Net Income | B24: =B18+B20 -> 12023000 | C24: =C18+C20 -> 16482000 | D24: =D18+D20 -> 16604000
A25: Preferred Stock And Other Adjustments | B25: - | C25: - | D25: -
A26: Net Income Applicable To Common Shares | B26: =B24 -> 12023000 | C26: =C24 -> 16482000 | D26: =D24 -> 16604000

Sheet balance_sheet_HP
A1: Period Ending | B1: Oct 31, 2014 | C1: Oct 31, 2013 | D1: Oct 31, 2012
A2: Assets
A3: Current Assets
A4: Cash And Cash Equivalents | B4: 15133000 | C4: 12163000 | D4: 11301000
A5: Short Term Investments | B5: - | C5: - | D5: -
A6: Net Receivables | B6: 16778000 | C6: 19020000 | D6: 19659000
A7: Inventory | B7: 6415000 | C7: 6046000 | D7: 6317000
A8: Other Current Assets | B8: 11819000 | C8: 13135000 | D8: 13360000
A9: Total Current Assets | B9: =SUM(B4:B8) -> 50145000 | C9: =SUM(C4:C8) -> 50364000 | D9: =SUM(D4:D8) -> 50637000
A10: Long Term Investments | B10: 8454000 | C10: 9556000 | D10: 10593000
A11: Property Plant and Equipment | B11: 11340000 | C11: 11463000 | D11: 11954000
A12: Goodwill | B12: 31139000 | C12: 31124000 | D12: 31069000
A13: Intangible Assets | B13: 2128000 | C13: 3169000 | D13: 4515000
A14: Accumulated Amortization | B14: - | C14: - | D14: -
A15: Other Assets | B15: - | C15: - | D15: -
A16: Deferred Long Term Asset Charges | B16: - | C16: - | D16: -
A17: Total Assets | B17: =B9+SUM(B10:B16) -> 103206000 | C17: =C9+SUM(C10:C16) -> 105676000 | D17: =D9+SUM(D10:D16) -> 108768000
A18: Liabilities
A19: Current Liabilities
A20: Accounts Payable | B20: 33208000 | C20: 32164000 | D20: 31754000
A21: Short/Current Long Term Debt | B21: 3486000 | C21: 5979000 | D21: 6647000
A22: Other Current Liabilities | B22: 7041000 | C22: 7378000 | D22: 8265000
A23: Total Current Liabilities | B23: =SUM(B20:B22) -> 43735000 | C23: =SUM(C20:C22) -> 45521000 | D23: =SUM(D20:D22) -> 46666000
A24: Long Term Debt | B24: 16039000 | C24: 16608000 | D24: 21789000
A25: Other Liabilities | B25: 16305000 | C25: 15891000 | D25: 17480000
A26: Deferred Long Term Liability Charges | B26: - | C26: - | D26: -
A27: Minority Interest | B27: 396000 | C27: 387000 | D27: 397000
A28: Negative Goodwill | B28: - | C28: - | D28: -
A29: Total Liabilities | B29: =B23+SUM(B24:B28) -> 76475000 | C29: =C23+SUM(C24:C28) -> 78407000 | D29: =D23+SUM(D24:D28) -> 86332000
A30: Stockholders' Equity
A31: Misc Stocks Options Warrants | B31: - | C31: - | D31: -
A32: Redeemable Preferred Stock | B32: - | C32: - | D32: -
A33: Preferred Stock | B33: - | C33: - | D33: -
A34: Common Stock | B34: 18000 | C34: 19000 | D34: 20000
A35: Retained Earnings | B35: 29164000 | C35: 25563000 | D35: 21521000
A36: Treasury Stock | B36: - | C36: - | D36: -
A37: Capital Surplus | B37: 3430000 | C37: 5465000 | D37: 6454000
A38: Other Stockholder Equity | B38: -5881000 | C38: -3778000 | D38: -5559000
A39: Total Stockholder Equity | B39: =SUM(B31:B38) -> 26731000 | C39: =SUM(C31:C38) -> 27269000 | D39: =SUM(D31:D38) -> 22436000
A40: Total liabilities and stockholder equity | B40: =B29+B39 -> 103206000 | C40: =C29+C39 -> 105676000 | D40: =D29+D39 -> 108768000

Sheet income_statement_HP
A1: Period Ending | B1: Oct 31, 2014 | C1: Oct 31, 2013 | D1: Oct 31, 2012
A2: Total Revenue | B2: 111454000 | C2: 112298000 | D2: 120357000
A3: Cost of Revenue | B3: 84839000 | C3: 86380000 | D3: 92385000
A4: Gross Profit | B4: =B2-B3 -> 26615000 | C4: =C2-C3 -> 25918000 | D4: =D2-D3 -> 27972000
A5: Operating Expenses
A6: Research Development | B6: 3447000 | C6: 3135000 | D6: 3399000
A7: Selling General and Administrative | B7: 13353000 | C7: 13267000 | D7: 13500000
A8: Non Recurring | B8: 1630000 | C8: 1012000 | D8: 20346000
A9: Others | B9: 1000000 | C9: 1373000 | D9: 1784000
A10: Total Operating Expenses | B10: 19430000 | C10: 18787000 | D10: 39029000
A11: Operating Income or Loss | B11: =B4-B10 -> 7185000 | C11: =C4-C10 -> 7131000 | D11: =D4-D10 -> -11057000
A12: Income from Continuing Operations
A13: Total Other Income/Expenses Net | B13: - | C13: - | D13: -
A14: Earnings Before Interest And Taxes | B14: 6557000 | C14: 6510000 | D14: -11933000
A15: Interest Expense | B15: - | C15: - | D15: -
A16: Income Before Tax | B16: 6557000 | C16: 6510000 | D16: -11933000
A17: Income Tax Expense | B17: 1544000 | C17: 1397000 | D17: 717000
A18: Minority Interest | B18: - | C18: - | D18: -
A19: Net Income From Continuing Ops | B19: 5013000 | C19: 5113000 | D19: -12650000
A20: Non-recurring Events
A21: Discontinued Operations | B21: - | C21: - | D21: -
A22: Extraordinary Items | B22: - | C22: - | D22: -
A23: Effect Of Accounting Changes | B23: - | C23: - | D23: -
A24: Other Items | B24: - | C24: - | D24: -
A25: Net Income | B25: 5013000 | C25: 5113000 | D25: -12650000
A26: Preferred Stock And Other Adjustments | B26: - | C26: - | D26: -
A27: Net Income Applicable To Common Shares | B27: 5013000 | C27: 5113000 | D27: -12650000

Sheet Financial ratios
B1: IBM | D1: HP
B2: 2014 | C2: 2013 | D2: 2014 | E2: 2013
A3: Required variables
A4: Market cap | B4: 147310000 | C4: 201260000 | D4: 33890000 | E4: 24530000
A5: effective tax rate | B5: ='income statement_ΙΒΜ'!B16/'income statement_ΙΒΜ'!B15 -> 0.21184829 | C5: ='income statement_ΙΒΜ'!C16/'income statement_ΙΒΜ'!C15 -> 0.1661315 | D5: =income_statement_HP!B17/income_statement_HP!B16 -> 0.23547354 | E5: =income_statement_HP!C17/income_statement_HP!C16 -> 0.21459293
A6: cost of capital | B6: 0.08 | C6: 0.08 | D6: 0.12 | E6: 0.12
A7: Measures of performance
A8: Market value added | B8: =B4-'balance sheet_ΙΒΜ'!B39 -> 135441000 | C8: =C4-'balance sheet_ΙΒΜ'!C39 -> 178468000 | D8: =D4-balance_sheet_HP!B39 -> 7159000 | E8: =E4-balance_sheet_HP!C39 -> -2739000
A9: Market-to-book ratio | B9: =B4/'balance sheet_ΙΒΜ'!B39 -> 12.411324 | C9: =C4/'balance sheet_ΙΒΜ'!C39 -> 8.8302913 | D9: =D4/balance_sheet_HP!B39 -> 1.2678164 | E9: =E4/balance_sheet_HP!C39 -> 0.89955627
A10: EVA | B10: =(1-B5)*'income statement_ΙΒΜ'!B14+'income statement_ΙΒΜ'!B26-('balance sheet_ΙΒΜ'!C24+'balance sheet_ΙΒΜ'!C39)*'Financial ratios'!B6 -> 7952625.4 | C10: =(1-C5)*'income statement_ΙΒΜ'!C14+'income statement_ΙΒΜ'!C26-('balance sheet_ΙΒΜ'!D24+'balance sheet_ΙΒΜ'!D39)*'Financial ratios'!C6 -> 13381295 | D10: =income_statement_HP!B27-(balance_sheet_HP!C24+balance_sheet_HP!C39)*'Financial ratios'!D6 -> -252240 | E10: =income_statement_HP!C27-(balance_sheet_HP!D24+balance_sheet_HP!D39)*'Financial ratios'!E6 -> -194000
A11: ROC | B11: =((1-B5)*'income statement_ΙΒΜ'!B14+'income statement_ΙΒΜ'!B26)/('balance sheet_ΙΒΜ'!C24+'balance sheet_ΙΒΜ'!C39) -> 0.22290946 | C11: =((1-C5)*'income statement_ΙΒΜ'!C14+'income statement_ΙΒΜ'!C26)/('balance sheet_ΙΒΜ'!D24+'balance sheet_ΙΒΜ'!D39) -> 0.39156244 | D11: =income_statement_HP!B27/(balance_sheet_HP!C24+balance_sheet_HP!C39) -> 0.1142512 | E11: =income_statement_HP!C27/(balance_sheet_HP!D24+balance_sheet_HP!D39) -> 0.11561334
A12: ROE | B12: ='income statement_ΙΒΜ'!B26/'balance sheet_ΙΒΜ'!C39 -> 0.52750965 | C12: ='income statement_ΙΒΜ'!C26/'balance sheet_ΙΒΜ'!D39 -> 0.87386671 | D12: =income_statement_HP!B27/balance_sheet_HP!C39 -> 0.18383512 | E12: =income_statement_HP!C27/balance_sheet_HP!D39 -> 0.22789267
A13: ROA | B13: =((1-B5)*'income statement_ΙΒΜ'!B14+'income statement_ΙΒΜ'!B26)/'balance sheet_ΙΒΜ'!C40 -> 0.098274209 | C13: =((1-C5)*'income statement_ΙΒΜ'!C14+'income statement_ΙΒΜ'!C26)/'balance sheet_ΙΒΜ'!D40 -> 0.14106745 | D13: =income_statement_HP!B27/balance_sheet_HP!C40 -> 0.04743745 | E13: =income_statement_HP!C27/balance_sheet_HP!D40 -> 0.047008311
A14: Measures of efficiency
A15: Asset turnover | B15: ='income statement_ΙΒΜ'!B2/'balance sheet_ΙΒΜ'!C40 -> 0.73515128 | C15: ='income statement_ΙΒΜ'!C2/'balance sheet_ΙΒΜ'!D40 -> 0.8251296 | D15: =income_statement_HP!B2/balance_sheet_HP!C40 -> 1.0546766 | E15: =income_statement_HP!C2/balance_sheet_HP!D40 -> 1.0324544
A16: Profit margin | B16: ='income statement_ΙΒΜ'!B26/'income statement_ΙΒΜ'!B2 -> 0.12956796 | C16: ='income statement_ΙΒΜ'!C26/'income statement_ΙΒΜ'!C2 -> 0.16755619 | D16: =income_statement_HP!B27/income_statement_HP!B2 -> 0.044978197 | E16: =income_statement_HP!C27/income_statement_HP!C2 -> 0.045530642
A17: Operating profit margin | B17: =((1-B5)*'income statement_ΙΒΜ'!B14+'income statement_ΙΒΜ'!B26)/'income statement_ΙΒΜ'!B2 -> 0.13367889 | C17: =((1-C5)*'income statement_ΙΒΜ'!C14+'income statement_ΙΒΜ'!C26)/'income statement_ΙΒΜ'!C2 -> 0.17096399 | D17: =income_statement_HP!B27/income_statement_HP!B2 -> 0.044978197 | E17: =income_statement_HP!C27/income_statement_HP!C2 -> 0.045530642
A18: Measures of leverage
A19: Long-term debt ratio | B19: ='balance sheet_ΙΒΜ'!B24/('balance sheet_ΙΒΜ'!B24+'balance sheet_ΙΒΜ'!B39) -> 0.74715606 | C19: ='balance sheet_ΙΒΜ'!C24/('balance sheet_ΙΒΜ'!C24+'balance sheet_ΙΒΜ'!C39) -> 0.59042553 | D19: =balance_sheet_HP!B24/(balance_sheet_HP!B24+balance_sheet_HP!B39) -> 0.37500585 | E19: =balance_sheet_HP!C24/(balance_sheet_HP!C24+balance_sheet_HP!C39) -> 0.37851266
A20: Long-term debt-equity ratio | B20: ='balance sheet_ΙΒΜ'!B24/'balance sheet_ΙΒΜ'!B39 -> 2.9550088 | C20: ='balance sheet_ΙΒΜ'!C24/'balance sheet_ΙΒΜ'!C39 -> 1.4415584 | D20: =balance_sheet_HP!B24/balance_sheet_HP!B39 -> 0.60001496 | E20: =balance_sheet_HP!C24/balance_sheet_HP!C39 -> 0.60904324
A21: Total debt ratio | B21: ='balance sheet_ΙΒΜ'!B29/'balance sheet_ΙΒΜ'!B40 -> 0.89901474 | C21: ='balance sheet_ΙΒΜ'!C29/'balance sheet_ΙΒΜ'!C40 -> 0.81943069 | D21: =balance_sheet_HP!B29/balance_sheet_HP!B40 -> 0.74099374 | E21: =balance_sheet_HP!C29/balance_sheet_HP!C40 -> 0.74195655
A22: Times-interest earned ratio | B22: ='income statement_ΙΒΜ'!B13/'income statement_ΙΒΜ'!B14 -> 42.293388 | C22: ='income statement_ΙΒΜ'!C13/'income statement_ΙΒΜ'!C14 -> 51.355721 | D22: - | E22: -
A23: Measures of liquidity
A24: Net-working capital-to-total assets | B24: =('balance sheet_ΙΒΜ'!B9-'balance sheet_ΙΒΜ'!B23)/'balance sheet_ΙΒΜ'!B40 -> 0.083560222 | C24: =('balance sheet_ΙΒΜ'!C9-'balance sheet_ΙΒΜ'!C23)/'balance sheet_ΙΒΜ'!C40 -> 0.08870808 | D24: =(balance_sheet_HP!B9-balance_sheet_HP!B23)/balance_sheet_HP!B40 -> 0.062108792 | E24: =(balance_sheet_HP!C9-balance_sheet_HP!C23)/balance_sheet_HP!C40 -> 0.04582876
A25: Current ratio | B25: ='balance sheet_ΙΒΜ'!B9/'balance sheet_ΙΒΜ'!B23 -> 1.2480051 | C25: ='balance sheet_ΙΒΜ'!C9/'balance sheet_ΙΒΜ'!C23 -> 1.2788514 | D25: =balance_sheet_HP!B9/balance_sheet_HP!B23 -> 1.1465645 | E25: =balance_sheet_HP!C9/balance_sheet_HP!C23 -> 1.1063905
A26: Quick ratio | B26: =('balance sheet_ΙΒΜ'!B4+'balance sheet_ΙΒΜ'!B6)/'balance sheet_ΙΒΜ'!B23 -> 1.0694697 | C26: =('balance sheet_ΙΒΜ'!C4+'balance sheet_ΙΒΜ'!C6)/'balance sheet_ΙΒΜ'!C23 -> 1.1008368 | D26: =(balance_sheet_HP!B4+balance_sheet_HP!B6)/balance_sheet_HP!B23 -> 0.72964445 | E26: =(balance_sheet_HP!C4+balance_sheet_HP!C6)/balance_sheet_HP!C23 -> 0.68502449
A27: Cash ratio | B27: ='balance sheet_ΙΒΜ'!B4/'balance sheet_ΙΒΜ'!B23 -> 0.2140404 | C27: ='balance sheet_ΙΒΜ'!C4/'balance sheet_ΙΒΜ'!C23 -> 0.26687254 | D27: =balance_sheet_HP!B4/balance_sheet_HP!B23 -> 0.34601578 | E27: =balance_sheet_HP!C4/balance_sheet_HP!C23 -> 0.26719536
